 Dungeon Crawl Stone Soup version 0.25-a0-55-g0753fd1ad2 (webtiles) character file.

Game seed: 253752518992761965, levelgen mode: deterministic

86 Menyet the Vexing (level 4, -3/24 HPs)
             Began as a Vampire Enchanter on Oct 25, 2019.
             Slain by an adder (4 damage)
             ... on level 3 of the Dungeon.
             The game lasted 00:19:44 (2218 turns).

Menyet the Vexing (Vampire Enchanter)               Turns: 2218, Time: 00:19:45

Health: -3/24      AC:  7    Str:  5 (7)  XL:     4   Next: 26%
Magic:  7/8        EV: 12    Int: 15 (17) God:
Gold:   109        SH:  0    Dex: 13 (15) Spells: 2/8 levels left

rFire    . . .     SeeInvis +   a - +2 dagger
rCold    + + +     Gourm    .   (no shield)
rNeg     + + +     Faith    .   l - +1 ring mail
rPois    ∞         Spirit   .   (no helmet)
rElec    .         Reflect  .   (no cloak)
rCorr    .         Harm     .   i - +0 pair of gloves
MR       .....                  (no boots)
Stlth    ++++......             (no amulet)
HPRegen  0.00/turn              m - +3 ring of evasion
MPRegen  0.11/turn              w - ring of protection from cold

@: bloodless, regenerating quickly
A: no food, fangs 3, see invisible, unbreathing
a: Bat Form, Revivify


You were on level 3 of the Dungeon.
You were bloodless.

You visited 1 branch of the dungeon, and saw 3 of its levels.

You collected 109 gold pieces.

Inventory:

Hand Weapons
 a - a +2 dagger (weapon)
 o - a +1 mace of protection
 p - a +2 quarterstaff of chaos
 r - a +0 mace of venom
Missiles
 d - 56 arrows
 f - 4 javelins (quivered)
 k - 21 poisoned darts
Armour
 b - a +0 robe
 i - a +0 pair of gloves (worn)
 l - a +1 ring mail (worn)
 q - a +0 cloak
Jewellery
 m - a +3 ring of evasion (left hand)
 w - a ring of protection from cold (right hand)
Scrolls
 g - a scroll of enchant armour
 h - a scroll of fog
 n - 3 scrolls of teleportation
 s - a scroll of remove curse
Potions
 c - a potion of invisibility
 e - a potion of brilliance {unknown}
 j - 2 potions of lignification
 t - a potion of degeneration {unknown}
 v - a potion of haste


   Skills:
 + Level 1.4 Short Blades
 + Level 2.6 Dodging
 + Level 5.4 Stealth
 + Level 2.7 Spellcasting
 + Level 5.4 Hexes
 + Level 0.6 Ice Magic


You had 2 spell levels left.
You knew the following spells:

 Your Spells              Type           Power        Failure   Level  Hunger
a - Corona                Hex            ###....      11%         1    N/A
b - Ensorcelled Hibernat  Hex/Ice        ##....       41%         2    N/A
c - Tukima's Dance        Hex            ###.....     32%         3    N/A

Your spell library contained the following spells:

 Spells                   Type           Power        Failure   Level  Hunger
 Confuse                  Hex            ###.....     32%         3    N/A
 Dazzling Spray           Conj/Hex       ##....       69%         3    N/A

Dungeon Overview and Level Annotations

Branches:
Dungeon (3/15)

Altars:


Innate Abilities, Weirdness & Mutations

You do not eat.
You do not regenerate when monsters are visible.
You are frail without blood (-20% HP).
You can heal yourself when you bite living creatures.
You are immune to poison.
You have razor-sharp teeth.
You have supernaturally acute eyesight. (SInv)
You can survive without breathing.


Message History

The adder is severely wounded.
The adder bites you but does no damage.
Casting: Ensorcelled Hibernation (safe; 41% risk of failure)
Confirm with . or Enter, or press ? or * to list all spells.
Aiming: Corona (safe; 11% risk of failure)
Press: ? - help, Shift-Dir - straight line, f - adder
Aim: an adder (severely wounded, chance to defeat MR: 65%)
The adder is outlined in light.
The adder closely misses you. x2
You barely miss the adder.
The adder is severely wounded.
The adder completely misses you.
You closely miss the adder.
The adder is severely wounded.
The adder bites you.
* * * LOW HITPOINT WARNING * * *
Your ring mail prevents you from hitting the adder.
The adder is severely wounded.
The adder completely misses you. The adder bites you.
You die...

#...........# .....
#...........# .....
#........[..# ##.....
#...........# .......
#...........##.......
#...........#..(.....
#.%...$.....#........
#......)..@S†....#
#...........######
#########..<..#
#######


You could see an adder.

Vanquished Creatures
  Crazy Yiuf (D:2)
  2 adders
  2 leopard geckos (D:1)
  3 bats
  3 giant cockroaches
  7 goblins
  5 hobgoblins
  5 kobolds
  2 frilled lizards (D:1)
  8 rats
  A fungus (D:2)
39 creatures vanquished.

Vanquished Creatures (others)
  A dancing weapon (D:2)
1 creature vanquished.

Grand Total: 40 creatures vanquished

Notes
Turn   | Place    | Note
-------+----------+-------------------------------------------
     0 | D:1      | Menyet the Vampire Enchanter began the quest for the Orb.
     0 | D:1      | Reached XP level 1. HP: 13/13 MP: 3/3
   329 | D:1      | Reached XP level 2. HP: 12/15 MP: 3/5
   336 | D:1      | Learned a level 2 spell: Ensorcelled Hibernation
  1015 | D:1      | Reached skill level 5 in Hexes
  1463 | D:2      | Reached XP level 3. HP: 19/19 MP: 6/6
  1587 | D:2      | Found a runed translucent door.
  1588 | D:2      | Noticed Crazy Yiuf
  1599 | D:2      | Killed Crazy Yiuf
  1599 | D:2      | Reached skill level 5 in Stealth
  1779 | D:2      | Reached XP level 4. HP: 22/24 MP: 2/7
  1786 | D:2      | Learned a level 3 spell: Tukima's Dance
  2216 | D:3      | HP: 1/24 [adder (4)]
  2218 | D:3      | Slain by an adder

Levels and vault maps discovered:
D:1:      dpeg_arrival_rooms_c, layout_loops_ring, palyth_stone_intersect,
          kennysheep_nondescript
D:2:      layout_rooms, uniq_crazy_yiuf_cottage
D:3:      layout_basic, uniq_sigmund

Table legend:
 A = Non-vault XP
 B = Vault XP
 C = Vault XP percentage of total XP
 D = Non-vault monster count
 E = Vault monster count
 F = Vault count percentage of total count
                 A         B        C        D         E       F
            +---------+---------+-------+---------+---------+-------
      Total |      84 |      39 |  31.7 |      37 |       1 |   2.6
            +---------+---------+-------+---------+---------+-------
        D:1 |      39 |       0 |   0.0 |      23 |       0 |   0.0
        D:2 |      28 |      39 |  58.2 |      10 |       1 |   9.1
        D:3 |      17 |       0 |   0.0 |       4 |       0 |   0.0
            +---------+---------+-------+---------+---------+-------
